 Dungeon Crawl Stone Soup version 0.31-a0-1612-g4aaf141004 (webtiles) character file.

Game seed: 15971933544618740808

35 javelincjr the Magician (level 3, 0/27 HPs)
             Began as a Djinni Hedge Wizard on Jan 9, 2024.
             Was a Follower of Makhleb.
             Slain by Sigmund
             ... wielding a +0 scythe
              (7 damage)
             ... on level 2 of the Dungeon.
             The game lasted 00:05:52 (1085 turns).

javelincjr the Magician (Djinni Hedge Wizard)       Turns: 1085, Time: 00:05:53

Health: 0/27       AC:  2    Str:  9    XL:     3   Next: 55%
Gold:   76         EV:  9    Int: 17    God:    Makhleb [*.....] SH:  0 Dex: 12

rFire   + + .        e - +0 spear
rCold   x . .        (no shield)
rNeg    . . .        b - +0 robe
rPois   ∞            c - +0 hat
rElec   .            (no cloak)
rCorr   .            (no gloves)
SInv    .            (boots unavailable)
Will    .....        (no amulet)
Stlth   ++           (no ring)
HPRegen 0.24/turn    (no ring)
MPRegen 0.00/turn

%: infuse magic (-1 HP)
@: flying, constricted
A: sickness immunity, fire resistance 2, cold vulnerability 1, float, innate
caster, HP casting, extra vitality 1
a: Renounce Religion


You were on level 2 of the Dungeon.
You worshipped Makhleb.
Makhleb was aware of your devotion.
You visited 1 branch of the dungeon, and saw 2 of its levels.

You collected 76 gold pieces.

Inventory:

Hand Weapons
 a - a +0 dagger
 e - a +0 spear (weapon)
Armour
 b - a +0 robe (worn)
 c - a +0 hat (worn)
Scrolls
 d - 5 scrolls of identify {unknown}
 g - a scroll of teleportation {unknown}
 i - a scroll of poison {unknown}
 j - a scroll of revelation {unknown}
Potions
 f - a potion of curing {unknown}
 h - a potion of enlightenment {unknown}
 k - a potion of resistance {unknown}


   Skills:
 * Level 1.4 Fighting
 + Level 0.6 Polearms
 + Level 2.5 Dodging
 + Level 1.6 Stealth
 * Level 3.3 Spellcasting
 * Level 3.3 Conjurations
 * Level 3.3 Hexes
 * Level 3.3 Summonings
 * Level 3.3 Necromancy
 * Level 3.3 Translocations
 * Level 3.3 Fire Magic
 * Level 3.3 Ice Magic
 * Level 3.3 Air Magic
 * Level 3.3 Earth Magic
 * Level 3.3 Alchemy
 + Level 0.2 Invocations


You knew the following spells:

 Your Spells              Type           Power      Damage    Failure   Level
a - Magic Dart            Conj           56%        1d5       4%          1
b - Slow                  Hex            56%        N/A       4%          1
c - Blink                 Tloc           28%        N/A       7%          2
d - Call Imp              Summ           28%        N/A       7%          2
e - Mephitic Cloud        Conj/Alch/Air  14%        N/A       13%         3
f - Sting                 Conj/Alch      56%        1d6       4%          1
Your spell library was empty.

Dungeon Overview and Level Annotations

Branches:
Dungeon (2/15)

Altars:
Makhleb

Annotations:
D:2 Jessica, Sigmund


Innate Abilities, Weirdness & Mutations

You are immune to sickness and miasma.
You are immune to poison.
Your flesh is very heat resistant. (rF++)
You are vulnerable to cold. (rC-)
You float through the air rather than walking.
You learn spells naturally, not from books.
Your magical power is your life essence.
You have superior vitality. (+4 MHP)


Message History

Level annotation: Sigmund Welcome back, javelincjr the Djinni Hedge Wizard.
Blood and souls for Makhleb!
Press ? for a list of commands and other information.
Deactivating autopickup; reactivate with Ctrl-A.
You are confused.
You bump into the rock wall.
You bump into the rock wall.
You closely miss your cerulean imp.
Your cerulean imp disappears in a puff of smoke!
Unknown command.
Something hits you!
You feel less confused. Something barely misses you.
Cast which spell? (? or * to list)
You blink.
Casting: Blink (safe; 7% risk of failure)
Confirm with . or Enter, or press ? or * to list all spells.
Aiming: Mephitic Cloud (quite dangerous; 13% risk of failure)
Press: ? - help, Shift-Dir - straight line The ball explodes into a vile cloud!
You hear a shout!
You are confused.
You see here a ribbon worm corpse.
A ball python comes into view.
You see here a ribbon worm corpse.
The ball python hisses angrily.
Something hits you but does no damage.
Jessica the Apprentice Sorceress comes into view.
She is wielding a +0 club.
You feel ready to blink again.
The ball python closely misses you. x2; Something hits you but does no damage.
You feel less confused. The ball python bites you. The ball python grabs you.
The ball python constricts you. Something hits you.
* * * LOW HITPOINT WARNING * * *
The ball python's grasp on you weakens, but your attempt to escape fails.
The ball python closely misses you. The ball python constricts you.
* * * LOW HITPOINT WARNING * * *
Something hits you!
You die...

........## #.#.......#
.#..#.#..###.........#
.#.....#..........#...#
#..###.#..........#...#
...............####.###
...............# #.#
..........@....# #.#
...........S...# #.#
.#.#.....@.{.####.#
#.#..#####.†.##..#### .
#....# ##..##.....# .#
#...## ##.....§..#
..### #..<#
####.##.....#
.....)###.†.##
..........###
.......).....#
..........#
.##........#
..........#
..#........#
..........#


You could see Jessica and a ball python.

Vanquished Creatures
  A dart slug (D:2)
  A ribbon worm (D:2)
  2 bats (D:1)
  3 endoplasms (D:1)
  3 giant cockroaches (D:1)
  2 goblins
  6 hobgoblins
  2 quokkas
  2 ball pythons (D:1)
  3 rats (D:1)
25 creatures vanquished.

Vanquished Creatures (collateral kills)
  A frilled lizard (D:2)
  A kobold (D:2)
2 creatures vanquished.

Grand Total: 27 creatures vanquished

Notes
Turn   | Place    | Note
-------+----------+-------------------------------------------
     0 | D:1      | javelincjr the Djinni Hedge Wizard began the quest for the
                  | Orb.
     0 | D:1      | javelincjr set off with the following spells memorised:
                  | Magic Dart, Slow, Blink, Call Imp, Mephitic Cloud.
     0 | D:1      | Reached XP level 1. HP: 15/15 MP: 0/0
   150 | D:1      | Reached XP level 2. HP: 17/22 MP: 0/0
   264 | D:1      | Found a faded altar of an unknown god.
   273 | D:1      | Prayed at the altar of an unknown god.
   273 | D:1      | Became a worshipper of Makhleb the Destroyer
   273 | D:1      | Reached * piety under Makhleb
   304 | D:1      | Reached skill level 1 in Fighting
   479 | D:1      | Reached XP level 3. HP: 25/27 MP: 0/0
   479 | D:1      | Learned a level 1 spell: Sting
   973 | D:2      | Noticed Sigmund
  1080 | D:2      | Noticed Jessica
  1085 | D:2      | Slain by Sigmund

Illustrated notes

Levels and vault maps discovered:
D:1:      evilmike_arrival_hilbert_curve, layout_loops_ring,
          ebering_ecumenical_altar_box
D:2:      layout_rooms, uniq_jessica, uniq_sigmund

Skill      XL: |  1  2 |
---------------+-------+-----
Fighting       | 1 |  1.4
Polearms       | |  0.6
Dodging        | |  2.5
Stealth        | |  1.6
Spellcasting   | |  3.3
Conjurations   | |  3.3
Hexes          | |  3.3
Summonings     | |  3.3
Necromancy     | |  3.3
Translocations | |  3.3
Fire Magic     | |  3.3
Ice Magic      | |  3.3
Air Magic      | |  3.3
Earth Magic    | |  3.3
Alchemy        | |  3.3
Invocations    | |  0.2

Action                     || total
---------------------------++-------
  Melee: Dagger            ||    17
         Spear             ||    11
   Cast: Magic Dart        ||    63
         Call Imp          ||     5
         Mephitic Cloud    ||     3
         Blink             ||     1
         Sting             ||     1
 Armour: Robe              ||    25
  Dodge: Dodged            ||    24

Table legend: (Time is in decaauts)
 A = Elapsed time spent in this place.
 B = Non-inter-level travel time spent in this place.
 C = Inter-level travel time spent in this place.
 D = Time resting spent in this place.
 E = Time spent auto-exploring this place.
 F = Levels seen in this place.
 G = Mean time per level.
                   A        B        C        D        E       F      G
               +--------+--------+--------+--------+--------+-----+--------+
         Total |   1085 |   1048 |     37 |     10 |    808 |   2 |  542.5 |
       Dungeon |   1085 |   1048 |     37 |     10 |    808 |   2 |  542.5 |
               +--------+--------+--------+--------+--------+-----+--------+

Top non-repeatable levels by time:
     D:1: 801 daAuts
     D:2: 283 daAuts
